 Dungeon Crawl Stone Soup version 0.27.1 (webtiles) character file.

Game seed: 15009908829337110487

45843 dtburroughs the Fighter (level 14, 0/129 HPs)
             Began as a Minotaur Berserker on Aug 24, 2021.
             Was a High Priest of Trog.
             Slain by a hell hound (7 damage)
             ... on level 6 of the Lair of Beasts on Aug 25, 2021.
             The game lasted 00:53:01 (30267 turns).

dtburroughs the Fighter (Minotaur Berserker)       Turns: 30267, Time: 00:53:02

Health: 0/129      AC: 24    Str: 23    XL:     14   Next: 2%
Magic:  0/13       EV:  8    Int:  7    God:    Trog [*****.]
Gold:   1657       SH:  0    Dex: 11    Spells: 13/13 levels left

rFire    + . .     SeeInvis .   E - +0 battleaxe
rCold    + + .     Faith    .   (shield currently unavailable)
rNeg     . . .     Spirit   +   I - +0 crystal plate armour
rPois    .         Reflect  .   (helmet restricted)
rElec    .         Harm     .   O - scarf {rC+ rF+}
rCorr    .         Rampage  .   g - +0 pair of gloves
Will     +++..                  (no boots)
Stlth    ..........             N - amulet of guardian spirit
HPRegen  1.31/turn              B - ring of flight
MPRegen  0.13/turn              G - ring of protection from cold

@: mighty, strong-willed, on berserk cooldown, flying, regenerating, slowed,
very slow
A: horns 2, retaliatory headbutt
a: Renounce Religion, Berserk, Trog's Hand, Brothers in Arms


You were on level 6 of the Lair of Beasts.
You worshipped Trog.
Trog was extremely pleased with you.
You visited 2 branches of the dungeon, and saw 16 of its levels.

You collected 1657 gold pieces.

Inventory:

Hand Weapons
 t - a +3 whip of electrocution
 u - a +0 war axe
 E - a +0 battleaxe (weapon)
Armour
 g - a +0 pair of gloves (worn)
 j - a +0 plate armour
 I - a +0 crystal plate armour (worn)
 O - a scarf of resistance (worn)
Jewellery
 c - an amulet of magic regeneration
 k - a ring of willpower
 r - a ring of magical power
 x - a ring of positive energy
 B - a ring of flight (left hand)
 G - a ring of protection from cold (right hand)
 N - an amulet of guardian spirit (around neck)
 P - a +6 ring of intelligence
 U - an amulet of reflection
Wands
 m - a wand of flame (19)
 o - a wand of mindburst (16)
 z - a wand of polymorph (10)
 A - a wand of paralysis (11)
 F - a wand of acid (4)
 S - a wand of digging (8)
 T - a wand of charming (8)
Scrolls
 b - 4 scrolls of identify
 d - a scroll of torment {unknown}
 n - 4 scrolls of teleportation
 p - 6 scrolls of enchant weapon
 s - a scroll of brand weapon {unknown}
 w - a scroll of holy word {unknown}
 y - 3 scrolls of immolation
 C - a scroll of silence {unknown}
 K - a scroll of enchant armour {unknown}
 L - a scroll of acquirement {unknown}
 M - 2 scrolls of summoning {unknown}
 R - a scroll of magic mapping {unknown}
Potions
 a - a potion of experience {unknown}
 e - 2 potions of lignification
 f - a potion of mutation {unknown}
 q - a potion of attraction {unknown}
 v - a potion of berserk rage {unknown}
 D - 2 potions of might
 H - a potion of invisibility {unknown}
 J - a potion of magic {unknown}
 Q - 4 potions of haste {unknown}
Miscellaneous
 l - a piece from Xom's chessboard (15/15)


   Skills:
 + Level 13.4 Fighting
 + Level 13.3 Axes
 + Level 13.2 Armour
 + Level 12.2 Dodging
 + Level 10.0 Evocations


You had 13 spell levels left.
You didn't know any spells.
Your spell library was empty.

Dungeon Overview and Level Annotations

Branches:
Dungeon (10/15)            Temple (0/1) D:5            Lair (6/6) D:9
  Swamp (0/4) Lair:4        Snake (0/4) Lair:4        Slime (0/5) Lair:5
    Orc: D:9-12

Altars:
Cheibriados
Elyvilon
Gozag
Hepliaklqana
Kikubaaqudgha
Makhleb
Qazlal
Ru
Sif Muna
Trog
Uskayaw
Vehumet
Wu Jian
Xom
Zin
The Shining One
Jiyva

Shops:
D:4 (

Annotations:
D:6 Blork the orc
Lair:2 3 runed translucent doors, Cato's ghost, journeyman DECj


Innate Abilities, Weirdness & Mutations

You have a pair of horns on your head.
You reflexively headbutt those who attack you in melee.


Message History

Found three items.
The hell hound barks!
The warg howls!
The hell hound barks!
The wolf howls!
The warg howls!
The six-headed hydra roars!
The wolf howls!
The polar bear growls angrily. x2; You hear an angry growl.
You hear a howl!
You hear a bark!
The hell hound bites you but does no damage.
You feel your anger nearly subside.
You are no longer berserk.
You are exhausted.
You feel yourself slow down. The hell hound bites you.
* * * LOW HITPOINT WARNING * * *
The hell hound breathes flames at you.
The blast of flame hits the hell hound.
The hell hound completely resists.
The blast of flame hits you but does no damage.
The hell hound bites you but does no damage.
The warg bites you but does no damage. The hell hound breathes flames at you.
The blast of flame hits you. You resist.
* * * LOW HITPOINT WARNING * * *
The warg bites you but does no damage.
You barely miss the hell hound. Your headbutt misses the hell hound.
You slice the warg!! You barely miss the hell hound.
The hell hound barely misses you. x2; You furiously retaliate!
You headbutt the hell hound. The hell hound bites you.
* * * LOW HITPOINT WARNING * * *
The hell hound barely misses you. You furiously retaliate!
You headbutt the hell hound. You slice the hell hound!!
The hell hound is almost dead.
You chop one of the six-headed hydra's heads off!
The five-headed hydra grows two more!
You slash the seven-headed hydra! You slash the warg! You hit the wolf.
You hit the hell hound. The hell hound breathes flames at you.
The blast of flame misses you.
The blast of flame hits the hell hound.
The hell hound completely resists.
The hell hound barely misses you. The wolf barely misses you.
The warg bites you but does no damage.
The hell hound bites you but does no damage.
The hell hound closely misses you. The warg barely misses you.
The hell hound bites you!
You die...

##### #h@h#
#Dhh##
##hhhh##
#..h...#
##.........
##.......#
##...####
#.#!# #.#.#


You could see a seven-headed hydra, 2 polar bears, 2 wargs, 3 hell hounds and 2
wolves.

Vanquished Creatures
  Kirke (Lair:5)
  Snorg (Lair:5)
  4 hydras
  An anaconda (Lair:5)
  2 two-headed ogres
  4 death yaks
  An oklob plant (Lair:6)
  An ugly thing (D:6)
  2 wolf spiders (Lair:6)
  8 elephants
  12 black mambas
  A guardian serpent (Lair:5)
  16 cane toads
  A rime drake (Lair:6)
  7 komodo dragons
  3 polar bears
  Grinder (D:6)
  4 blink frogs (Lair:6)
  2 hornets (Lair:6)
  4 dream sheep (Lair:6)
  6 slime creatures (D:10)
  A redback (Lair:6)
  37 yaks
  4 wyverns (Lair:6)
  2 shadows
  3 hogs (Lair:5)
  3 basilisks
  3 vampire mosquitoes (Lair:4)
  A steam dragon (Lair:5)
  2 wargs (Lair:6)
  4 nagas (Lair:4)
  2 hell hounds (Lair:6)
  26 water moccasins
  9 black bears
  A hornet zombie (D:6)
  An orc warrior (D:7)
  2 ice beasts (D:7)
  4 boggarts (Lair:5)
  An ogre (D:6)
  2 necrophages (D:7)
  11 wolves
  3 centaurs
  2 phantoms
  10 bullfrogs
  3 scorpions
  A water moccasin zombie (D:5)
  4 killer bees
  A water moccasin skeleton (D:5)
  9 wights
  A howler monkey (D:9)
  2 electric eels (Lair:1)
  A bullfrog zombie (D:5)
  3 centaur zombies
  2 hounds
  A bullfrog skeleton (D:6)
  2 gnoll shamans
  3 iguanas
  3 orc wizards (D:7)
  A hound skeleton (D:2)
  2 howler monkey zombies (D:7)
  8 gnolls
  A howler monkey skeleton (D:7)
  8 adders
  2 white imps
  A worm (D:2)
  5 dart slugs
  14 orcs
  6 ball pythons
  9 bats
  12 endoplasms
  7 giant cockroaches
  5 hobgoblins
  3 jackals (D:4)
  6 kobolds
  3 quokkas
  9 frilled lizards
  9 goblins
  7 rats
370 creatures vanquished.

Vanquished Creatures (collateral kills)
  2 hydras (Lair:1)
  A komodo dragon (Lair:1)
3 creatures vanquished.

Vanquished Creatures (others)
  A human (D:5)
  76 fungi
  110 plants
187 creatures vanquished.

Grand Total: 560 creatures vanquished

Notes
Turn   | Place    | Note
-------+----------+-------------------------------------------
     0 | D:1      | dtburroughs the Minotaur Berserker began the quest for the
                  | Orb.
     0 | D:1      | Reached XP level 1. HP: 19/19 MP: 0/0
   134 | D:1      | Reached XP level 2. HP: 12/27 MP: 1/1
   548 | D:1      | Reached XP level 3. HP: 33/33 MP: 2/2
   752 | D:1      | Found a faded altar of an unknown god.
   907 | D:2      | Reached ** piety under Trog
  1410 | D:2      | Found a stormy altar of Qazlal.
  1498 | D:2      | Reached XP level 4. HP: 41/41 MP: 3/3
  1656 | D:3      | Found a burning altar of Makhleb.
  1735 | D:3      | Found a shimmering altar of Xom.
  2291 | D:3      | Reached XP level 5. HP: 47/47 MP: 4/4
  2538 | D:3      | Reached *** piety under Trog
  3079 | D:4      | Found a sacrificial altar of Ru.
  3457 | D:4      | Reached skill level 5 in Fighting
  3594 | D:4      | Found a radiant altar of Vehumet.
  3737 | D:4      | Reached XP level 6. HP: 45/56 MP: 5/5
  3739 | D:4      | Reached skill level 5 in Axes
  3739 | D:4      | Reached skill level 1 in Evocations
  3990 | D:4      | Found Jebisou's Weapon Boutique.
  4120 | D:5      | Entered Level 5 of the Dungeon
  4214 | D:5      | Found an ornate altar of the Wu Jian Council.
  4214 | D:5      | Found a hazy altar of Hepliaklqana.
  4335 | D:5      | Reached XP level 7. HP: 61/61 MP: 6/6
  4462 | D:5      | Reached skill level 5 in Armour
  4727 | D:5      | Found a staircase to the Ecumenical Temple.
  4797 | D:5      | Found a glowing golden altar of the Shining One.
  4909 | D:5      | Found a stormy altar of Qazlal.
  4944 | D:5      | Found an ancient bone altar of Kikubaaqudgha.
  4945 | D:5      | Noticed a human
  4948 | D:5      | Killed a human
  5321 | D:5      | Found an opulent altar of Gozag.
  5802 | D:6      | Noticed Blork the orc
  5816 | D:6      | Found a shimmering blue altar of Sif Muna.
  6031 | D:6      | Reached skill level 5 in Dodging
  6088 | D:6      | Reached **** piety under Trog
  6089 | D:6      | Reached XP level 8. HP: 60/71 MP: 7/7
  6151 | D:6      | Noticed a brown ugly thing
  6177 | D:6      | Killed a brown ugly thing
  6684 | D:6      | Noticed Grinder
  6705 | D:6      | Killed Grinder
  7057 | D:7      | Reached XP level 9. HP: 61/79 MP: 8/8
  7179 | D:7      | Noticed a two-headed ogre
  7200 | D:7      | Killed a two-headed ogre
  7844 | D:7      | Reached skill level 5 in Evocations
  7948 | D:7      | Found a bloodstained altar of Trog.
  9062 | D:8      | Reached XP level 10. HP: 78/83 MP: 9/9
  9504 | D:8      | Found a glowing silver altar of Zin.
  9903 | D:9      | Noticed a two-headed ogre
  9914 | D:9      | Killed a two-headed ogre
 10674 | D:9      | Found a snail-covered altar of Cheibriados.
 10718 | D:9      | Found a staircase to the Lair.
 11062 | D:10     | Entered Level 10 of the Dungeon
 11310 | D:10     | Found a white marble altar of Elyvilon.
 11668 | D:10     | Noticed a seven-headed hydra
 11729 | D:9      | HP: 1/93 [seven-headed hydra (10)]
 12185 | D:10     | Found a hide-covered altar of Uskayaw.
 12653 | D:10     | Reached XP level 11. HP: 16/99 MP: 10/10
 12654 | D:10     | Reached skill level 10 in Fighting
 13236 | Lair:1   | Entered Level 1 of the Lair of Beasts
 13236 | Lair:1   | Noticed a seven-headed hydra
 13243 | Lair:1   | Killed a seven-headed hydra
 13244 | Lair:1   | Reached skill level 10 in Axes
 13494 | Lair:1   | Noticed an eight-headed hydra
 13506 | Lair:1   | Killed an eight-headed hydra
 14079 | Lair:1   | Noticed a seven-headed hydra
 14090 | Lair:1   | Killed a seven-headed hydra
 14091 | Lair:1   | Reached skill level 10 in Armour
 15858 | Lair:2   | Noticed a seven-headed hydra
 15870 | Lair:2   | Killed a seven-headed hydra
 15993 | Lair:2   | Noticed Cato's ghost (journeyman DECj)
 15998 | Lair:2   | Found a runed translucent gate.
 15998 | Lair:2   | Found a runed translucent gate.
 15998 | Lair:2   | Found a runed translucent gate.
 17745 | Lair:3   | Reached skill level 10 in Dodging
 17764 | Lair:3   | Reached XP level 12. HP: 45/110 MP: 11/11
 18775 | Lair:4   | Found a staircase to the Swamp.
 19946 | Lair:4   | Found a staircase to the Snake Pit.
 19985 | Lair:4   | Noticed a four-headed hydra
 19998 | Lair:4   | Killed a four-headed hydra
 21597 | Lair:5   | Noticed a seven-headed hydra
 21615 | Lair:5   | Killed a seven-headed hydra
 21749 | Lair:5   | Noticed Snorg
 21761 | Lair:5   | Killed Snorg
 22018 | Lair:5   | Noticed Kirke
 22143 | Lair:5   | Killed Kirke
 22427 | Lair:5   | Found a viscous altar of Jiyva.
 22427 | Lair:5   | Found a staircase to the Slime Pits.
 22515 | Lair:5   | Noticed an anaconda
 23268 | Lair:5   | Reached XP level 13. HP: 84/118 MP: 8/12
 24101 | Lair:6   | Entered Level 6 of the Lair of Beasts
 26974 | Lair:6   | Reached ***** piety under Trog
 26993 | Lair:6   | HP: 6/122 [poisoned by a cane toad]
 29664 | Lair:6   | Reached skill level 10 in Evocations
 29748 | Lair:6   | Reached XP level 14. HP: 52/129 MP: 7/13
 30265 | Lair:6   | HP: 4/129 [hell hound/blast of flame (5)]
 30267 | Lair:6   | Slain by a hell hound

Illustrated notes

Levels and vault maps discovered:
D:1:      dpeg_chamrin_arrival_tetris, layout_rooms,
          hellmonk_ecumenical_altar_zigzags, kennysheep_boxes
D:2:      layout_rooms, basic_altar, hex_intersection, kennysheep_pointless_box,
          palyth_stone_intersect
D:3:      layout_loops_ring, bloody_makhleb, xom_butterflies
D:4:      layout_basic, lemuel_coloured_pillars_altar, fiery_altar_vehumet,
          serial_shops, nicolae_take_the_stairs
D:5:      layout_rooms, tgw_kikubaaqudgha, grunt_qazlal_sundering,
          grunt_gozag_breadcrumbs, mainiacjoe_overflow_24_doors, minitemple,
          minmay_temple_entry_trees, portal_sewer_entry_c, roderic_lattice_a,
          dk_rats_in_the_wall
D:6:      layout_loops_ring, tgw_sif, serial_rivers,
          chequers_serial_rivers_micro_c, chequers_serial_rivers_marsh,
          chequers_serial_rivers_large_b, chequers_serial_rivers_marsh,
          chequers_serial_rivers_micro_c, chequers_serial_rivers_marsh,
          uniq_grinder
D:7:      layout_loops_ring, lemuel_crystal_altar, minmay_misc_feat_pillars,
          minmay_parallelograms, kennysheep_cross_room, grunt_tough_drop
D:8:      layout_gridville, zin_statuary
D:9:      layout_loops_ring, lemuel_crystal_altar, dpeg_oklobed_lair
D:10:     layout_irregular_city, mainiacjoe_overflow_alcove_2, elyvilon_altar_5,
          minivault_16
Lair:1:   layout_small_grid, serial_bayou_shore_a, serial_bayou_shore_b
Lair:2:   layout_cave_shapes, gammafunk_ghost_split, grunt_megastairs_3,
          lemuel_fruit_tree
Lair:3:   layout_cellular_growth
Lair:4:   layout_loops_ring, minmay_swamp_entry_swarm,
          minmay_snake_entry_guardpost_small
Lair:5:   beast_lair_carwin_large_2, layout_loops_ring, slime_altar_1,
          kilobyte_rumbling_trees, uniq_snorg, uniq_kirke
Lair:6:   hangedman_lair_caniforms_friends, layout_small_grid,
          hangedman_lair_tendril_chambers, minmay_lair_oklob_bushes,
          minivault_27

Skill      XL: |  1  2  3  4  5  6  7  8  9 10 11 12 13 |
---------------+----------------------------------------+-----
Fighting       | 4 5 6 7 8 9 11 12 13 | 13.4
Axes           | 4 5 6 7 8 9 11 12 13 | 13.3
Armour         | 3 4 5 6 8 9 10 12 13 | 13.2
Dodging        | 3 4 5 6 7 8 10 11 12 | 12.2
Evocations     | 1 2 4 5 6 7 8 10 | 10.0

Action                   |  1- 3 |  4- 6 |  7- 9 | 10-12 | 13-15 || total
-------------------------+-------+-------+-------+-------+-------++-------
Melee: Hand axe          |    73 |   133 |       |       |       ||   206
       Headbutt          |    18 |    26 |    57 |   134 |   116 ||   351
       Whip              |       |    12 |   112 |   162 |    25 ||   311
       War axe           |       |       |   151 |       |       ||   151
       Battleaxe         |       |       |     5 |   463 |   405 ||   873
Invok: Berserk           |       |       |     3 |    11 |     8 ||    22
       Trog's Hand       |       |       |     3 |     6 |     1 ||    10
       Brothers in Arms  |       |       |       |     2 |       ||     2
Evoke: Wand              |       |       |       |     7 |     9 ||    16
  Use: Scroll            |       |       |     4 |     9 |     4 ||    17
       Potion            |       |       |       |     2 |     7 ||     9
Armor: Animal skin       |     4 |       |       |       |       ||     4
       Ring mail         |    17 |    11 |       |       |       ||    28
       Plate armour      |       |    75 |   194 |   164 |       ||   433
       Crystal plate arm |       |       |       |   256 |   454 ||   710
Dodge: Dodged            |    51 |    73 |   130 |   258 |   250 ||   762
